Blackhawks vs Devils

Created - December 30, 2020 at 20:58

Goals
1 2 3 T
Blackhawks 0 0 1 1
Devils 4 0 2 6
Shots
1 2 3 T
Blackhawks 12 10 5 27
Devils 14 7 11 32

1st period

1. Devils , Chris Stewart 6 (Zach Parise 9, Anton Stralman 8) at 1:00 (PP)
2. Devils , Kristopher Letang 5 (Chris Stewart 11) at 8:08 (PP)
3. Devils , Marian Gaborik 11 (Tyler Ennis 19, Brad Richards 9) at 11:16
4. Devils , Tyler Ennis 19 (Nazem Kadri 30) at 16:38 (PP)

Penalties :
Derick Brassard (Chi) for Interference (Minor) at 0:24, Brad Richards (NJD) for Tripping (Minor) at 1:43, Stefan Ruzicka (Chi) for Hooking (Minor) at 7:34, Tim Connolly (Chi) for Roughing (Minor) at 16:28

2nd period

No Goal

Penalties :
Patrick Marleau (Chi) for Hooking (Minor) at 5:47, Alexander Wennberg (Chi) for Hooking (Minor) at 9:58

3rd period

5. Devils , Marian Gaborik 12 (Tyler Ennis 20, Matt Donovan 7) at 3:55
6. Devils , Tyler Ennis 20 (Marian Gaborik 28, Matt Donovan 8) at 8:01
7. Blackhawks , Brad Boyes 5 (Alexander Wennberg 1, Dougie Hamilton 6) at 13:27

Penalties :
Nick Bonino (NJD) for Hooking (Minor) at 1:17, Nathan Horton (Chi) for Tripping (Minor) at 17:32

Goalie Stats

Jimmy Howard (Chi), 9 saves from 13 shots - (0.692), L, 9-12-0, 16:38 minutes
Pekka Rinne (Chi), 17 saves from 19 shots - (0.895), 43:22 minutes
Maxime Daigneault (NJD), 26 saves from 27 shots - (0.963), W, 14-9-3, 60:00 minutes

Players Stats for Blackhawks

Player Name              G  A  P  +/- PIM S  H  SB GA TA FO     MP     PP MP  PK MP  
------------------------------------------------------------------------------------
Alexander Wennberg       0  1  1   1  2   2  0  0  1  0  7/9    12:14   0:00   0:00 
Antoine Roussel          0  0  0  -1  0   4  3  0  1  4  6/13   22:28   2:07   4:23 
Brad Boyes               1  0  1   1  0   5  1  0  1  0  0/0    12:08   0:00   0:00 
Brent Seabrook           0  0  0  -2  0   2  2  2  0  2  0/0    26:00   0:00   4:36 
Chris Kreider            0  0  0  -1  0   2  0  0  0  0  1/1    20:52   1:51   4:20 
Derick Brassard          0  0  0  -1  2   1  0  1  2  1  12/23  19:25   2:07   2:04 
Dougie Hamilton          0  1  1   0  0   1  0  1  0  0  0/0    12:17   1:42   0:00 
Gabriel Bourque          0  0  0  -1  0   0  0  0  0  0  0/1     7:50   0:00   1:09 
Garnet Hathaway          0  0  0  -1  0   0  0  0  0  0  0/0     6:19   0:00   0:00 
John Carlson             0  0  0  -1  0   1  2  2  1  0  0/0    24:09   2:16   2:41 
Matthew Spiller          0  0  0  -1  0   2  2  2  0  2  0/0    18:15   0:00   4:36 
Nathan Horton            0  0  0  -1  2   0  4  0  0  1  0/1    16:31   1:51   0:00 
Nick Leddy               0  0  0   0  0   0  1  4  1  0  0/0    17:36   1:42   0:00 
Patrick Marleau          0  0  0   1  2   1  2  1  0  0  0/0    13:12   0:00   0:43 
Rick Nash                0  0  0  -1  0   2  2  3  0  1  0/0    19:10   2:07   1:48 
Seth Jones               0  0  0   0  0   2  0  1  0  1  0/0    21:43   2:16   2:41 
Stefan Ruzicka           0  0  0  -1  2   0  3  0  0  0  0/0     6:18   0:00   0:00 
Tim Connolly             0  0  0  -1  2   2  5  0  0  0  2/13   16:10   1:51   0:07 

Players Stats for Devils

Player Name              G  A  P  +/- PIM S  H  SB GA TA FO     MP     PP MP  PK MP  
------------------------------------------------------------------------------------
Anton Stralman           0  1  1   0  0   2  2  1  1  2  0/0    26:00   3:43   2:22 
Brad Richards            0  1  1  -1  2   1  1  0  0  0  1/5    15:40   3:13   0:41 
Brad Richardson          0  0  0   0  0   0  0  1  0  0  0/0     8:19   0:00   0:00 
Chris Stewart            1  1  2   0  0   3  1  0  0  0  2/2    17:03   3:13   0:00 
Eric Tangradi            0  0  0   0  0   0  0  0  1  0  0/0     9:23   0:00   0:41 
Jamie Arniel             0  0  0   0  0   0  3  1  0  2  5/10   15:02   0:00   1:12 
Josh Gorges              0  0  0   0  0   0  2  1  1  0  0/0    22:39   3:34   2:22 
Kristopher Letang        1  0  1   0  0   4  2  2  1  0  0/0    23:38   3:43   0:00 
Marian Gaborik           2  1  3   3  0   4  0  0  1  1  0/0    18:31   4:04   0:00 
Martin Samuelsson        0  0  0  -1  0   3  0  1  0  1  4/7    13:51   0:00   2:05 
Matt Donovan             0  2  2   2  0   0  1  2  1  0  0/0    13:43   0:00   1:36 
Michael Del Zotto        0  0  0   1  0   4  0  0  1  0  0/0    22:40   3:34   1:36 
Nazem Kadri              0  1  1   3  0   0  1  0  2  1  16/27  18:53   4:04   0:00 
Nick Bonino              0  0  0   0  2   1  0  0  0  0  3/3     8:41   0:00   0:00 
Patrick Kaleta           0  0  0  -1  0   1  0  0  0  0  0/0    13:51   0:00   2:05 
Thomas Hickey            0  0  0   1  0   1  0  1  1  0  0/0    11:20   0:00   0:00 
Tyler Ennis              2  2  4   3  0   6  3  0  2  0  1/5    18:31   4:04   0:00 
Zach Parise              0  1  1   0  0   2  0  0  0  0  1/2    18:15   3:13   1:12 

3 Stars

1 - Tyler Ennis (NJD)
2 - Marian Gaborik (NJD)
3 - Matt Donovan (NJD)

Power Play

Blackhawks - 0 on 2 Attempt(s) - 0.00%
Devils - 3 on 6 Attempt(s) - 50.00%

Penalty Kill

Blackhawks - 3 on 6 Attempt(s) - 50.00% - Score 0 goal in Penalty Kill
Devils - 2 on 2 Attempt(s) - 100.00% - Score 0 goal in Penalty Kill

Team Stat

Blackhawks - Hits : 27 - Faceoff Wins : 28 - Blocked Shots : 17 - Penalty Minutes : 12
Devils - Hits : 16 - Faceoff Wins : 33 - Blocked Shots : 10 - Penalty Minutes : 4

Official

Referees : Unknown
Linesman : Unknown

Game Notes

Pekka Rinne enters game at 16:38 of 1st period

Finance

Level 1 -- Attendance: 5951 (99.18%) -- Ticket Income $624,855
Level 2 -- Attendance: 5000 (100.00%) -- Ticket Income $325,000
Level 3 -- Attendance: 1878 (93.90%) -- Ticket Income $75,120
Level 4 -- Attendance: 3385 (84.63%) -- Ticket Income $101,550
Luxury Box -- Attendance: 1000 (100.00%) -- Ticket Income $180,000
Game was played at the The Pack Center.
Total Attendance: 17214 (95.63%)
Total Ticket Income: $1,306,525
Other Income: $195,979
Total Income: $1,502,504

Blackhawks

5 vs 5 Forward 
   Center                   Left Wing                Right Wing               Time % Phy DF OF 
 1 Derick Brassard          Antoine Roussel          Rick Nash                40     1   2  2  
 2 Tim Connolly             Chris Kreider            Nathan Horton            35     1   2  2  
 3 Alexander Wennberg       Patrick Marleau          Brad Boyes               20     1   2  2  
 4 Stefan Ruzicka           Gabriel Bourque          Garnet Hathaway          5      1   2  2  

5 vs 5 Defense 
   Defense                  Defense                                           Time % Phy DF OF 
 1 Brent Seabrook           John Carlson                                      40     1   2  2  
 2 Seth Jones               Nick Leddy                                        30     1   2  2  
 3 Dougie Hamilton          Matthew Spiller                                   20     1   2  2  
 4 Brent Seabrook           Matthew Spiller                                   10     1   2  2  

PowerPlay Forward 
   Center                   Left Wing                Right Wing               Time % Phy DF OF 
 1 Derick Brassard          Antoine Roussel          Rick Nash                60     1   2  2  
 2 Tim Connolly             Chris Kreider            Nathan Horton            40     1   2  2  

PowerPlay Defense
   Defense                  Defense                                           Time % Phy DF OF 
 1 John Carlson             Seth Jones                                        60     1   2  2  
 2 Dougie Hamilton          Nick Leddy                                        40     1   2  2  

Penalty Kill 4 Players Forward 
   Center                   Wing                     Time % Phy DF OF 
 1 Antoine Roussel          Chris Kreider            60     1   2  2  
 2 Derick Brassard          Rick Nash                40     1   2  2  

Penalty Kill 4 Players Defense
   Defense                  Defense                  Time % Phy DF OF 
 1 Brent Seabrook           Matthew Spiller          60     1   2  2  
 2 Seth Jones               John Carlson             40     1   2  2  

Penalty Kill - 3 Players Forward 
   Forward                                           Time % Phy DF OF 
 1 Antoine Roussel                                   60     1   2  2  
 2 Chris Kreider                                     40     1   2  2  

Penalty Kill - 3 Players Defense
   Defense                  Defense                  Time % Phy DF OF 
 1 Brent Seabrook           Matthew Spiller          60     1   2  2  
 2 Seth Jones               John Carlson             40     1   2  2  

4 vs 4 Forward 
   Center                   Wing                     Time % Phy DF OF 
 1 Antoine Roussel          Chris Kreider            60     1   2  2  
 2 Derick Brassard          Rick Nash                40     1   2  2  

4 vs 4 Defense
   Defense                  Defense                  Time % Phy DF OF 
 1 Brent Seabrook           John Carlson             60     1   2  2  
 2 Seth Jones               Nick Leddy               40     1   2  2  

Last Minutes Offensive
   Center                   Left Wing                Right Wing               Defense                  Defense                  
   Derick Brassard          Antoine Roussel          Rick Nash                Brent Seabrook           John Carlson             

Last Minutes Defensive
   Center                   Left Wing                Right Wing               Defense                  Defense                  
   Derick Brassard          Antoine Roussel          Rick Nash                Brent Seabrook           Matthew Spiller          

Goaltenders
Starting : Jimmy Howard             
Backup : Pekka Rinne              

Extra Forwards
Normal : Garnet Hathaway, Brad Boyes, Patrick Marleau - PP : Garnet Hathaway, Brad Boyes - PK : Patrick Marleau
Extra Defensemen
Normal : Dougie Hamilton, John Carlson, Seth Jones - PP : Dougie Hamilton - PK : Seth Jones, Nick Leddy
Penalty Shots
Antoine Roussel, Chris Kreider, Derick Brassard, Rick Nash, Tim Connolly

Scratches
Dustin Kohn (Healthy), Cody Hodgson (Healthy)

Devils

5 vs 5 Forward 
   Center                   Left Wing                Right Wing               Time % Phy DF OF 
 1 Nazem Kadri              Tyler Ennis              Marian Gaborik           36     0   2  3  
 2 Jamie Arniel             Zach Parise              Chris Stewart            32     0   2  3  
 3 Brad Richards            Martin Samuelsson        Patrick Kaleta           22     0   2  3  
 4 Nick Bonino              Eric Tangradi            Brad Richardson          10     0   2  3  

5 vs 5 Defense 
   Defense                  Defense                                           Time % Phy DF OF 
 1 Kristopher Letang        Anton Stralman                                    40     0   3  2  
 2 Michael Del Zotto        Josh Gorges                                       35     0   3  2  
 3 Thomas Hickey            Matt Donovan                                      25     0   3  2  
 4 Kristopher Letang        Anton Stralman                                    0      1   2  2  

PowerPlay Forward 
   Center                   Left Wing                Right Wing               Time % Phy DF OF 
 1 Nazem Kadri              Tyler Ennis              Marian Gaborik           60     0   1  4  
 2 Brad Richards            Zach Parise              Chris Stewart            40     0   1  4  

PowerPlay Defense
   Defense                  Defense                                           Time % Phy DF OF 
 1 Kristopher Letang        Anton Stralman                                    60     0   1  4  
 2 Michael Del Zotto        Josh Gorges                                       40     0   1  4  

Penalty Kill 4 Players Forward 
   Center                   Wing                     Time % Phy DF OF 
 1 Martin Samuelsson        Patrick Kaleta           60     1   3  1  
 2 Jamie Arniel             Zach Parise              40     1   3  1  

Penalty Kill 4 Players Defense
   Defense                  Defense                  Time % Phy DF OF 
 1 Anton Stralman           Josh Gorges              60     1   4  0  
 2 Michael Del Zotto        Matt Donovan             40     1   4  0  

Penalty Kill - 3 Players Forward 
   Forward                                           Time % Phy DF OF 
 1 Zach Parise                                       60     1   3  1  
 2 Brad Richards                                     40     1   3  1  

Penalty Kill - 3 Players Defense
   Defense                  Defense                  Time % Phy DF OF 
 1 Kristopher Letang        Anton Stralman           60     1   4  0  
 2 Michael Del Zotto        Josh Gorges              40     1   4  0  

4 vs 4 Forward 
   Center                   Wing                     Time % Phy DF OF 
 1 Nazem Kadri              Tyler Ennis              60     0   2  3  
 2 Brad Richards            Marian Gaborik           40     0   2  3  

4 vs 4 Defense
   Defense                  Defense                  Time % Phy DF OF 
 1 Kristopher Letang        Anton Stralman           60     0   3  2  
 2 Michael Del Zotto        Josh Gorges              40     0   3  2  

Last Minutes Offensive
   Center                   Left Wing                Right Wing               Defense                  Defense                  
   Nazem Kadri              Tyler Ennis              Marian Gaborik           Kristopher Letang        Michael Del Zotto        

Last Minutes Defensive
   Center                   Left Wing                Right Wing               Defense                  Defense                  
   Jamie Arniel             Zach Parise              Patrick Kaleta           Josh Gorges              Anton Stralman           

Goaltenders
Starting : Maxime Daigneault        
Backup : Thomas McCollum          

Extra Forwards
Normal : Brad Richards, Patrick Kaleta, Martin Samuelsson - PP : Jamie Arniel, Patrick Kaleta - PK : Brad Richards
Extra Defensemen
Normal : Kristopher Letang, Matt Donovan, Michael Del Zotto - PP : Michael Del Zotto - PK : Kristopher Letang, Anton Stralman
Penalty Shots
Marian Gaborik, Tyler Ennis, Nazem Kadri, Chris Stewart, Zach Parise

Scratches
Mike Weber (Healthy)

% Time on Ice - Blackhawks

Lines # - Real PCT - Wanted PCT - Time Play
Normal Forward
1 - 33% - 40% - 15:58
2 - 29% - 35% - 14:20
3 - 25% - 20% - 12:08
4 - 13% - 5% - 6:19
Normal Defense
1 - 39% - 40% - 19:13
2 - 34% - 30% - 16:22
3 - 22% - 20% - 10:31
4 - 5% - 10% - 2:39
PP Forward
1 - 53% - 60% - 2:07
2 - 47% - 40% - 1:51
PP Defense
1 - 57% - 60% - 2:16
2 - 43% - 40% - 1:42
PK Forward
1 - 75% - 60% - 5:29
2 - 25% - 40% - 1:48
PK Defense
1 - 63% - 60% - 4:36
2 - 37% - 40% - 2:41
PK3 Forward
1 - 0% - 60%
2 - 0% - 40%
PK3 Defense
1 - 0% - 60%
2 - 0% - 40%
44 Forward
1 - 0% - 60%
2 - 0% - 40%
44 Defense
1 - 0% - 60%
2 - 0% - 40%
Last Minute Offensive  - 0:00
Last Minute Defensive  - 0:00
Total
Forward - 60:00
Defense - 60:00

% Time on Ice - Devils

Lines # - Real PCT - Wanted PCT - Time Play
Normal Forward
1 - 32% - 36% - 15:26
2 - 28% - 32% - 13:50
3 - 23% - 22% - 11:10
4 - 17% - 10% - 8:19
Normal Defense
1 - 41% - 40% - 19:55
2 - 36% - 35% - 17:30
3 - 23% - 25% - 11:20
4 - 0% - 0% - 0:00
PP Forward
1 - 56% - 60% - 4:04
2 - 44% - 40% - 3:13
PP Defense
1 - 51% - 60% - 3:43
2 - 49% - 40% - 3:34
PK Forward
1 - 70% - 60% - 2:46
2 - 30% - 40% - 1:12
PK Defense
1 - 60% - 60% - 2:22
2 - 40% - 40% - 1:36
PK3 Forward
1 - 0% - 60%
2 - 0% - 40%
PK3 Defense
1 - 0% - 60%
2 - 0% - 40%
44 Forward
1 - 0% - 60%
2 - 0% - 40%
44 Defense
1 - 0% - 60%
2 - 0% - 40%
Last Minute Offensive  - 0:00
Last Minute Defensive  - 0:00
Total
Forward - 60:00
Defense - 60:00

Play-by-Play

1st period


0:01 of 1st period - Nazem Kadri wins face-off versus Derick Brassard in neutral zone.
0:08 of 1st period - Anton Stralman is hit by Rick Nash and loses puck.
0:17 of 1st period - Antoine Roussel is hit by Tyler Ennis and loses puck.
0:24 of 1st period - Minor Penalty to Derick Brassard for Interference.
0:25 of 1st period - Nazem Kadri wins face-off versus Antoine Roussel in Blackhawks zone.
0:58 of 1st period - Snap shot by Chris Stewart.
0:58 of 1st period - Stopped by Jimmy Howard with a rebound.
1:00 of 1st period - Snap shot by Chris Stewart.
1:00 of 1st period - Goal by Chris Stewart - Blackhawks : 0 - Devils : 1.
1:01 of 1st period - Chris Kreider wins face-off versus Jamie Arniel in neutral zone.
1:08 of 1st period - Snap shot by Zach Parise.
1:08 of 1st period - Shot Blocked by Nick Leddy.
1:19 of 1st period - Off-side.
1:20 of 1st period - Alexander Wennberg wins face-off versus Brad Richards in neutral zone.
1:25 of 1st period - Snap shot by Brad Boyes.
1:25 of 1st period - Shot Blocked by Matt Donovan.
1:43 of 1st period - Minor Penalty to Brad Richards for Tripping.
1:44 of 1st period - Derick Brassard wins face-off versus Martin Samuelsson in Devils zone.
1:47 of 1st period - Snap shot by Antoine Roussel.
1:47 of 1st period - Stopped by Maxime Daigneault without a rebound.
1:48 of 1st period - Martin Samuelsson wins face-off versus Derick Brassard in Devils zone.
2:49 of 1st period - Slapshot by Anton Stralman.
2:49 of 1st period - Stopped by Jimmy Howard without a rebound.
2:50 of 1st period - Martin Samuelsson wins face-off versus Tim Connolly in Blackhawks zone.
3:01 of 1st period - Backhand shot by Patrick Kaleta.
3:01 of 1st period - Deflect By Martin Samuelsson.
3:01 of 1st period - Stopped by Jimmy Howard with a rebound.
3:43 of 1st period - Penalty to Brad Richards is over, Brad Richards is back on ice.
3:50 of 1st period - Matt Donovan is hit by John Carlson.
4:04 of 1st period - Martin Samuelsson is hit by Patrick Marleau and loses puck.
4:18 of 1st period - Slapshot by Brent Seabrook.
4:18 of 1st period - Stopped by Maxime Daigneault without a rebound.
4:19 of 1st period - Jamie Arniel wins face-off versus Derick Brassard in Devils zone.
4:25 of 1st period - Snap shot by Derick Brassard.
4:25 of 1st period - Stopped by Maxime Daigneault with a rebound.
4:27 of 1st period - Slapshot by Matthew Spiller.
4:27 of 1st period - Deflect By Josh Gorges.
4:27 of 1st period - Stopped by Maxime Daigneault without a rebound.
4:28 of 1st period - Derick Brassard wins face-off versus Jamie Arniel in Devils zone.
4:31 of 1st period - Snap shot by Antoine Roussel.
4:31 of 1st period - Shot Misses the Net.
4:45 of 1st period - Derick Brassard is hit by Chris Stewart and loses puck.
4:52 of 1st period - Wrist shot by Rick Nash.
4:52 of 1st period - Shot Misses the Net.
5:12 of 1st period - John Carlson is hit by Jamie Arniel and loses puck.
5:34 of 1st period - Icing by Josh Gorges.
5:35 of 1st period - Tim Connolly wins face-off versus Zach Parise in Devils zone.
5:36 of 1st period - Slapshot by Seth Jones.
5:36 of 1st period - Stopped by Maxime Daigneault with a rebound.
5:49 of 1st period - Icing by Zach Parise.
5:50 of 1st period - Zach Parise wins face-off versus Tim Connolly in Devils zone.
5:50 of 1st period - Zach Parise is hit by Tim Connolly.
5:56 of 1st period - Nick Leddy is hit by Josh Gorges and loses puck.
6:11 of 1st period - Off-side.
6:12 of 1st period - Nazem Kadri wins face-off versus Alexander Wennberg in neutral zone.
7:34 of 1st period - Minor Penalty to Stefan Ruzicka for Hooking.
7:35 of 1st period - Antoine Roussel wins face-off versus Tyler Ennis in Blackhawks zone.
7:35 of 1st period - Antoine Roussel is hit by Kristopher Letang.
7:47 of 1st period - Tyler Ennis is hit by Antoine Roussel and loses puck.
8:06 of 1st period - Wrist shot by Chris Stewart.
8:06 of 1st period - Shot Misses the Net.
8:08 of 1st period - Slapshot by Kristopher Letang.
8:08 of 1st period - Goal by Kristopher Letang - Blackhawks : 0 - Devils : 2.
8:09 of 1st period - Nazem Kadri wins face-off versus Nathan Horton in neutral zone.
8:19 of 1st period - Backhand shot by Chris Kreider.
8:19 of 1st period - Shot Misses the Net.
8:21 of 1st period - Slapshot by Tim Connolly.
8:21 of 1st period - Stopped by Maxime Daigneault without a rebound.
8:22 of 1st period - Tim Connolly wins face-off versus Nazem Kadri in Devils zone.
8:31 of 1st period - Snap shot by Chris Kreider.
8:31 of 1st period - Shot Misses the Net.
8:39 of 1st period - Snap shot by Nazem Kadri.
8:39 of 1st period - Shot Misses the Net.
9:21 of 1st period - Slapshot by Seth Jones.
9:21 of 1st period - Shot Misses the Net.
9:50 of 1st period - Marian Gaborik is hit by Matthew Spiller and loses puck.
10:13 of 1st period - Wrist shot by Antoine Roussel.
10:13 of 1st period - Shot Hit the Post.
10:19 of 1st period - Slapshot by Brad Richards.
10:19 of 1st period - Deflect By Martin Samuelsson.
10:19 of 1st period - Stopped by Jimmy Howard with a rebound.
10:21 of 1st period - Backhand shot by Martin Samuelsson.
10:21 of 1st period - Stopped by Jimmy Howard without a rebound.
10:22 of 1st period - Alexander Wennberg wins face-off versus Nazem Kadri in Blackhawks zone.
10:38 of 1st period - Slapshot by Brad Boyes.
10:38 of 1st period - Stopped by Maxime Daigneault without a rebound.
10:39 of 1st period - Derick Brassard wins face-off versus Brad Richards in Devils zone.
11:16 of 1st period - Wrist shot by Marian Gaborik.
11:16 of 1st period - Goal by Marian Gaborik - Blackhawks : 0 - Devils : 3.
11:17 of 1st period - Nazem Kadri wins face-off versus Tim Connolly in neutral zone.
11:20 of 1st period - Snap shot by Tyler Ennis.
11:20 of 1st period - Stopped by Jimmy Howard with a rebound.
11:44 of 1st period - Derick Brassard is hit by Jamie Arniel and loses puck.
11:55 of 1st period - Snap shot by Jamie Arniel.
11:55 of 1st period - Shot Misses the Net.
12:15 of 1st period - Snap shot by Brad Boyes.
12:15 of 1st period - Stopped by Maxime Daigneault with a rebound.
12:17 of 1st period - Slapshot by Seth Jones.
12:17 of 1st period - Stopped by Maxime Daigneault with a rebound.
12:49 of 1st period - Snap shot by Nazem Kadri.
12:49 of 1st period - Shot Misses the Net.
12:59 of 1st period - Chris Kreider is hit by Tyler Ennis and loses puck.
13:20 of 1st period - Slapshot by Jamie Arniel.
13:20 of 1st period - Deflect By Chris Stewart.
13:20 of 1st period - Shot Blocked by John Carlson.
13:20 of 1st period - Puck is out of play.
13:21 of 1st period - Derick Brassard wins face-off versus Brad Richards in Blackhawks zone.
13:26 of 1st period - Brad Richards is hit by Rick Nash.
13:34 of 1st period - Snap shot by Derick Brassard.
13:34 of 1st period - Shot Blocked by Anton Stralman.
13:36 of 1st period - Slapshot by Antoine Roussel.
13:36 of 1st period - Stopped by Maxime Daigneault with a rebound.
13:38 of 1st period - Slapshot by Matthew Spiller.
13:38 of 1st period - Deflect By Brad Richards.
13:38 of 1st period - Stopped by Maxime Daigneault with a rebound.
13:48 of 1st period - Tyler Ennis is hit by Brad Boyes and loses puck.
13:55 of 1st period - Slapshot by Nick Leddy.
13:55 of 1st period - Shot Misses the Net.
14:13 of 1st period - Michael Del Zotto is hit by Stefan Ruzicka and loses puck.
14:49 of 1st period - Snap shot by Patrick Kaleta.
14:49 of 1st period - Stopped by Jimmy Howard without a rebound.
14:50 of 1st period - Alexander Wennberg wins face-off versus Brad Richards in Blackhawks zone.
15:01 of 1st period - Patrick Marleau is hit by Anton Stralman and loses puck.
15:40 of 1st period - Icing by Kristopher Letang.
15:41 of 1st period - Derick Brassard wins face-off versus Martin Samuelsson in Devils zone.
15:42 of 1st period - Backhand shot by Antoine Roussel.
15:42 of 1st period - Stopped by Maxime Daigneault with a rebound.
15:52 of 1st period - Snap shot by Brad Richards.
15:52 of 1st period - Shot Hit the Post.
15:54 of 1st period - Slapshot by Kristopher Letang.
15:54 of 1st period - Stopped by Jimmy Howard with a rebound.
15:56 of 1st period - Slapshot by Anton Stralman.
15:56 of 1st period - Shot Blocked by Rick Nash.
15:58 of 1st period - Snap shot by Patrick Kaleta.
15:58 of 1st period - Shot Blocked by Rick Nash.
16:00 of 1st period - Snap shot by Anton Stralman.
16:00 of 1st period - Shot Misses the Net.
16:02 of 1st period - Slapshot by Kristopher Letang.
16:02 of 1st period - Deflect By Brad Richards.
16:02 of 1st period - Shot Misses the Net.
16:02 of 1st period - Puck is out of play.
16:03 of 1st period - Nazem Kadri wins face-off versus Tim Connolly in Blackhawks zone.
16:04 of 1st period - Backhand shot by Tyler Ennis.
16:04 of 1st period - Stopped by Jimmy Howard without a rebound.
16:05 of 1st period - Nazem Kadri wins face-off versus Tim Connolly in Blackhawks zone.
16:28 of 1st period - Minor Penalty to Tim Connolly for Roughing.
16:29 of 1st period - Nazem Kadri wins face-off versus Antoine Roussel in Blackhawks zone.
16:38 of 1st period - Snap shot by Tyler Ennis.
16:38 of 1st period - Goal by Tyler Ennis - Blackhawks : 0 - Devils : 4.
16:38 of 1st period - Pekka Rinne enters game.
16:39 of 1st period - Jamie Arniel wins face-off versus Derick Brassard in neutral zone.
17:19 of 1st period - Brent Seabrook is hit by Tyler Ennis and loses puck.
18:12 of 1st period - Snap shot by Antoine Roussel.
18:12 of 1st period - Shot Misses the Net.
18:34 of 1st period - Slapshot by Anton Stralman.
18:34 of 1st period - Shot Misses the Net.
18:58 of 1st period - Wrist shot by Nick Bonino.
18:58 of 1st period - Shot Misses the Net.
19:00 of 1st period - Slapshot by Kristopher Letang.
19:00 of 1st period - Deflect By Matthew Spiller.
19:00 of 1st period - Stopped by Pekka Rinne without a rebound.
19:01 of 1st period - Derick Brassard wins face-off versus Nazem Kadri in Blackhawks zone.
19:30 of 1st period - Snap shot by Michael Del Zotto.
19:30 of 1st period - Shot Blocked by Nick Leddy.
19:59 of 1st period - Wrist shot by Alexander Wennberg.
19:59 of 1st period - Deflect By Brad Boyes.
19:59 of 1st period - Shot Misses the Net.
19:59 of 1st period - Puck is out of play.
Goals for this period are 0 for Blackhawks vs 4 for Devils.
Shots for this period are 12 for Blackhawks vs 14 for Devils.

2nd period


0:01 of 2nd period - Derick Brassard wins face-off versus Nazem Kadri in neutral zone.
0:30 of 2nd period - Wrist shot by Brad Richards.
0:30 of 2nd period - Shot Blocked by Derick Brassard.
0:32 of 2nd period - Snap shot by Martin Samuelsson.
0:32 of 2nd period - Shot Misses the Net.
0:34 of 2nd period - Snap shot by Martin Samuelsson.
0:34 of 2nd period - Shot Misses the Net.
0:56 of 2nd period - Slapshot by Brent Seabrook.
0:56 of 2nd period - Shot Blocked by Jamie Arniel.
1:18 of 2nd period - Snap shot by Brad Boyes.
1:18 of 2nd period - Stopped by Maxime Daigneault with a rebound.
1:20 of 2nd period - Slapshot by Patrick Marleau.
1:20 of 2nd period - Stopped by Maxime Daigneault without a rebound.
1:21 of 2nd period - Alexander Wennberg wins face-off versus Nazem Kadri in Devils zone.
1:34 of 2nd period - Snap shot by Alexander Wennberg.
1:34 of 2nd period - Shot Blocked by Kristopher Letang.
1:36 of 2nd period - Snap shot by Nick Leddy.
1:36 of 2nd period - Deflect By Alexander Wennberg.
1:36 of 2nd period - Shot Misses the Net.
1:36 of 2nd period - Puck is out of play.
1:37 of 2nd period - Chris Stewart wins face-off versus Tim Connolly in Devils zone.
2:29 of 2nd period - Slapshot by Brad Richardson.
2:29 of 2nd period - Shot Misses the Net.
2:31 of 2nd period - Slapshot by Matt Donovan.
2:31 of 2nd period - Shot Misses the Net.
2:33 of 2nd period - Slapshot by Thomas Hickey.
2:33 of 2nd period - Stopped by Pekka Rinne without a rebound.
2:34 of 2nd period - Jamie Arniel wins face-off versus Tim Connolly in Blackhawks zone.
2:52 of 2nd period - Jamie Arniel is hit by Tim Connolly and loses puck.
3:15 of 2nd period - Slapshot by Nazem Kadri.
3:15 of 2nd period - Shot Misses the Net.
3:27 of 2nd period - Slapshot by Michael Del Zotto.
3:27 of 2nd period - Stopped by Pekka Rinne without a rebound.
3:28 of 2nd period - Nick Bonino wins face-off versus Derick Brassard in Blackhawks zone.
3:31 of 2nd period - Snap shot by Nick Bonino.
3:31 of 2nd period - Shot Misses the Net.
3:59 of 2nd period - Michael Del Zotto is hit by Tim Connolly.
4:08 of 2nd period - Off-side.
4:09 of 2nd period - Derick Brassard wins face-off versus Tyler Ennis in neutral zone.
4:12 of 2nd period - Wrist shot by Rick Nash.
4:12 of 2nd period - Stopped by Maxime Daigneault without a rebound.
4:13 of 2nd period - Nazem Kadri wins face-off versus Derick Brassard in Devils zone.
5:47 of 2nd period - Minor Penalty to Patrick Marleau for Hooking.
5:48 of 2nd period - Nazem Kadri wins face-off versus Antoine Roussel in Blackhawks zone.
6:40 of 2nd period - Chris Kreider is hit by Nazem Kadri and loses puck.
7:47 of 2nd period - Penalty to Patrick Marleau is over, Patrick Marleau is back on ice.
8:08 of 2nd period - Off-side.
8:09 of 2nd period - Martin Samuelsson wins face-off versus Tim Connolly in neutral zone.
8:20 of 2nd period - Snap shot by Chris Kreider.
8:20 of 2nd period - Stopped by Maxime Daigneault with a rebound.
8:55 of 2nd period - Snap shot by Kristopher Letang.
8:55 of 2nd period - Shot Blocked by Brent Seabrook.
9:01 of 2nd period - Derick Brassard is hit by Jamie Arniel.
9:17 of 2nd period - Anton Stralman is hit by Tim Connolly and loses puck.
9:44 of 2nd period - Snap shot by Brad Richardson.
9:44 of 2nd period - Shot Misses the Net.
9:46 of 2nd period - Wrist shot by Nick Bonino.
9:46 of 2nd period - Shot Blocked by Patrick Marleau.
9:58 of 2nd period - Minor Penalty to Alexander Wennberg for Hooking.
9:59 of 2nd period - Nazem Kadri wins face-off versus Antoine Roussel in Blackhawks zone.
10:18 of 2nd period - Matthew Spiller is hit by Josh Gorges and loses puck.
10:33 of 2nd period - Wrist shot by Derick Brassard.
10:33 of 2nd period - Shot Misses the Net.
11:37 of 2nd period - Slapshot by Brad Richards.
11:37 of 2nd period - Stopped by Pekka Rinne without a rebound.
11:38 of 2nd period - Antoine Roussel wins face-off versus Nazem Kadri in Blackhawks zone.
11:58 of 2nd period - Penalty to Alexander Wennberg is over, Alexander Wennberg is back on ice.
12:17 of 2nd period - Eric Tangradi is hit by Stefan Ruzicka.
12:31 of 2nd period - Patrick Kaleta is hit by Brent Seabrook and loses puck.
12:36 of 2nd period - Slapshot by Dougie Hamilton.
12:36 of 2nd period - Stopped by Maxime Daigneault with a rebound.
12:38 of 2nd period - Wrist shot by Brad Boyes.
12:38 of 2nd period - Stopped by Maxime Daigneault without a rebound.
12:39 of 2nd period - Derick Brassard wins face-off versus Tyler Ennis in Devils zone.
13:31 of 2nd period - Backhand shot by John Carlson.
13:31 of 2nd period - Shot Blocked by Martin Samuelsson.
13:49 of 2nd period - Slapshot by Dougie Hamilton.
13:49 of 2nd period - Deflect By Gabriel Bourque.
13:49 of 2nd period - Shot Blocked by Brad Richardson.
13:49 of 2nd period - Puck is out of play.
13:50 of 2nd period - Nick Bonino wins face-off versus Gabriel Bourque in Devils zone.
14:15 of 2nd period - Snap shot by Jamie Arniel.
14:15 of 2nd period - Shot Misses the Net.
14:17 of 2nd period - Wrist shot by Chris Stewart.
14:17 of 2nd period - Shot Misses the Net.
14:23 of 2nd period - Snap shot by Zach Parise.
14:23 of 2nd period - Stopped by Pekka Rinne without a rebound.
14:24 of 2nd period - Derick Brassard wins face-off versus Nazem Kadri in Blackhawks zone.
14:35 of 2nd period - Josh Gorges is hit by Antoine Roussel and loses puck.
14:55 of 2nd period - Kristopher Letang is hit by Tim Connolly and loses puck.
15:50 of 2nd period - Snap shot by Antoine Roussel.
15:50 of 2nd period - Shot Misses the Net.
16:00 of 2nd period - Wrist shot by Rick Nash.
16:00 of 2nd period - Stopped by Maxime Daigneault without a rebound.
16:01 of 2nd period - Jamie Arniel wins face-off versus Tim Connolly in Devils zone.
16:59 of 2nd period - Snap shot by Alexander Wennberg.
16:59 of 2nd period - Stopped by Maxime Daigneault without a rebound.
17:00 of 2nd period - Jamie Arniel wins face-off versus Tim Connolly in Devils zone.
17:00 of 2nd period - Jamie Arniel is hit by Nathan Horton.
17:49 of 2nd period - Snap shot by Nick Bonino.
17:49 of 2nd period - Stopped by Pekka Rinne with a rebound.
17:51 of 2nd period - Snap shot by Brad Richardson.
17:51 of 2nd period - Shot Blocked by Nick Leddy.
17:57 of 2nd period - Snap shot by Eric Tangradi.
17:57 of 2nd period - Shot Blocked by Nick Leddy.
17:59 of 2nd period - Slapshot by Eric Tangradi.
17:59 of 2nd period - Shot Blocked by Seth Jones.
18:01 of 2nd period - Snap shot by Kristopher Letang.
18:01 of 2nd period - Shot Misses the Net.
18:17 of 2nd period - Wrist shot by Chris Kreider.
18:17 of 2nd period - Stopped by Maxime Daigneault with a rebound.
18:19 of 2nd period - Snap shot by Tim Connolly.
18:19 of 2nd period - Stopped by Maxime Daigneault without a rebound.
18:20 of 2nd period - Nazem Kadri wins face-off versus Derick Brassard in Devils zone.
18:20 of 2nd period - Nazem Kadri is hit by John Carlson.
18:28 of 2nd period - Slapshot by Michael Del Zotto.
18:28 of 2nd period - Stopped by Pekka Rinne without a rebound.
18:29 of 2nd period - Derick Brassard wins face-off versus Nazem Kadri in Blackhawks zone.
18:42 of 2nd period - Snap shot by Tyler Ennis.
18:42 of 2nd period - Shot Misses the Net.
18:44 of 2nd period - Wrist shot by Michael Del Zotto.
18:44 of 2nd period - Shot Misses the Net.
18:46 of 2nd period - Slapshot by Tyler Ennis.
18:46 of 2nd period - Stopped by Pekka Rinne without a rebound.
18:47 of 2nd period - Alexander Wennberg wins face-off versus Jamie Arniel in Blackhawks zone.
18:51 of 2nd period - Off-side.
18:52 of 2nd period - Alexander Wennberg wins face-off versus Jamie Arniel in neutral zone.
Goals for this period are 0 for Blackhawks vs 0 for Devils.
Shots for this period are 10 for Blackhawks vs 7 for Devils.

3rd period


0:01 of 3rd period - Antoine Roussel wins face-off versus Tyler Ennis in neutral zone.
0:38 of 3rd period - Chris Stewart is hit by Nathan Horton and loses puck.
1:01 of 3rd period - Wrist shot by Brad Richards.
1:01 of 3rd period - Shot Misses the Net.
1:15 of 3rd period - Slapshot by Seth Jones.
1:15 of 3rd period - Shot Blocked by Kristopher Letang.
1:17 of 3rd period - Minor Penalty to Nick Bonino for Hooking.
1:18 of 3rd period - Antoine Roussel wins face-off versus Martin Samuelsson in Devils zone.
1:27 of 3rd period - Wrist shot by Antoine Roussel.
1:27 of 3rd period - Shot Misses the Net.
1:55 of 3rd period - Martin Samuelsson is hit by Nathan Horton and loses puck.
3:17 of 3rd period - Penalty to Nick Bonino is over, Nick Bonino is back on ice.
3:53 of 3rd period - Wrist shot by Tyler Ennis.
3:53 of 3rd period - Shot Misses the Net.
3:55 of 3rd period - Snap shot by Marian Gaborik.
3:55 of 3rd period - Goal by Marian Gaborik - Blackhawks : 0 - Devils : 5.
3:56 of 3rd period - Derick Brassard wins face-off versus Nazem Kadri in neutral zone.
4:09 of 3rd period - Snap shot by Anton Stralman.
4:09 of 3rd period - Stopped by Pekka Rinne with a rebound.
4:11 of 3rd period - Wrist shot by Tyler Ennis.
4:11 of 3rd period - Stopped by Pekka Rinne with a rebound.
4:13 of 3rd period - Slapshot by Marian Gaborik.
4:13 of 3rd period - Deflect By Tyler Ennis.
4:13 of 3rd period - Shot Blocked by Rick Nash.
4:13 of 3rd period - Puck is out of play.
4:14 of 3rd period - Chris Stewart wins face-off versus Tim Connolly in Blackhawks zone.
4:32 of 3rd period - Off-side.
4:33 of 3rd period - Nazem Kadri wins face-off versus Derick Brassard in neutral zone.
5:00 of 3rd period - Thomas Hickey is hit by Nathan Horton and loses puck.
5:07 of 3rd period - Matthew Spiller is hit by Kristopher Letang and loses puck.
5:21 of 3rd period - Off-side.
5:22 of 3rd period - Martin Samuelsson wins face-off versus Alexander Wennberg in neutral zone.
6:16 of 3rd period - Snap shot by Tyler Ennis.
6:16 of 3rd period - Deflect By Marian Gaborik.
6:16 of 3rd period - Stopped by Pekka Rinne with a rebound.
6:18 of 3rd period - Slapshot by Michael Del Zotto.
6:18 of 3rd period - Stopped by Pekka Rinne with a rebound.
6:34 of 3rd period - Michael Del Zotto is hit by Nick Leddy.
6:37 of 3rd period - Off-side.
6:38 of 3rd period - Alexander Wennberg wins face-off versus Jamie Arniel in neutral zone.
6:53 of 3rd period - Snap shot by Alexander Wennberg.
6:53 of 3rd period - Stopped by Maxime Daigneault with a rebound.
7:21 of 3rd period - Slapshot by Matthew Spiller.
7:21 of 3rd period - Shot Misses the Net.
7:45 of 3rd period - Snap shot by Zach Parise.
7:45 of 3rd period - Shot Blocked by Dougie Hamilton.
7:47 of 3rd period - Snap shot by Kristopher Letang.
7:47 of 3rd period - Stopped by Pekka Rinne without a rebound.
7:48 of 3rd period - Nazem Kadri wins face-off versus Derick Brassard in Blackhawks zone.
7:53 of 3rd period - Snap shot by Marian Gaborik.
7:53 of 3rd period - Stopped by Pekka Rinne with a rebound.
7:59 of 3rd period - Snap shot by Marian Gaborik.
7:59 of 3rd period - Shot Misses the Net.
8:01 of 3rd period - Snap shot by Tyler Ennis.
8:01 of 3rd period - Goal by Tyler Ennis - Blackhawks : 0 - Devils : 6.
8:02 of 3rd period - Tyler Ennis wins face-off versus Antoine Roussel in neutral zone.
8:29 of 3rd period - Nathan Horton is hit by Matt Donovan and loses puck.
9:24 of 3rd period - Snap shot by Brad Boyes.
9:24 of 3rd period - Shot Blocked by Josh Gorges.
9:36 of 3rd period - Snap shot by Antoine Roussel.
9:36 of 3rd period - Stopped by Maxime Daigneault with a rebound.
10:24 of 3rd period - Wrist shot by Jamie Arniel.
10:24 of 3rd period - Deflect By Chris Stewart.
10:24 of 3rd period - Stopped by Pekka Rinne with a rebound.
10:40 of 3rd period - Slapshot by Brent Seabrook.
10:40 of 3rd period - Stopped by Maxime Daigneault without a rebound.
10:41 of 3rd period - Nick Bonino wins face-off versus Derick Brassard in Devils zone.
10:41 of 3rd period - Nick Bonino is hit by Antoine Roussel.
12:18 of 3rd period - Matthew Spiller is hit by Anton Stralman and loses puck.
12:23 of 3rd period - Wrist shot by Nick Bonino.
12:23 of 3rd period - Shot Blocked by Matthew Spiller.
12:37 of 3rd period - Josh Gorges is hit by Matthew Spiller and loses puck.
12:54 of 3rd period - Michael Del Zotto is hit by Brent Seabrook and loses puck.
13:16 of 3rd period - Anton Stralman is hit by Patrick Marleau and loses puck.
13:27 of 3rd period - Wrist shot by Brad Boyes.
13:27 of 3rd period - Goal by Brad Boyes - Blackhawks : 1 - Devils : 6.
13:28 of 3rd period - Nazem Kadri wins face-off versus Derick Brassard in neutral zone.
13:37 of 3rd period - Snap shot by Tyler Ennis.
13:37 of 3rd period - Shot Misses the Net.
14:28 of 3rd period - Snap shot by Alexander Wennberg.
14:28 of 3rd period - Shot Blocked by Matt Donovan.
14:30 of 3rd period - Wrist shot by Brad Boyes.
14:30 of 3rd period - Shot Blocked by Thomas Hickey.
15:50 of 3rd period - Slapshot by Brad Richards.
15:50 of 3rd period - Shot Misses the Net.
16:44 of 3rd period - Slapshot by Brad Richards.
16:44 of 3rd period - Shot Blocked by John Carlson.
16:50 of 3rd period - Anton Stralman is hit by Stefan Ruzicka and loses puck.
17:32 of 3rd period - Minor Penalty to Nathan Horton for Tripping.
17:33 of 3rd period - Antoine Roussel wins face-off versus Nazem Kadri in Blackhawks zone.
17:44 of 3rd period - Icing by Josh Gorges.
17:45 of 3rd period - Nazem Kadri wins face-off versus Antoine Roussel in Devils zone.
18:03 of 3rd period - Slapshot by Michael Del Zotto.
18:03 of 3rd period - Deflect By Tyler Ennis.
18:03 of 3rd period - Shot Blocked by Matthew Spiller.
18:03 of 3rd period - Puck is out of play.
18:04 of 3rd period - Brad Richards wins face-off versus Antoine Roussel in Blackhawks zone.
18:13 of 3rd period - Wrist shot by Brad Richards.
18:13 of 3rd period - Deflect By Zach Parise.
18:13 of 3rd period - Stopped by Pekka Rinne with a rebound.
18:15 of 3rd period - Slapshot by Michael Del Zotto.
18:15 of 3rd period - Stopped by Pekka Rinne with a rebound.
18:19 of 3rd period - Snap shot by Zach Parise.
18:19 of 3rd period - Deflect By Brad Richards.
18:19 of 3rd period - Shot Blocked by Brent Seabrook.
18:19 of 3rd period - Puck is out of play.
18:20 of 3rd period - Antoine Roussel wins face-off versus Nazem Kadri in Blackhawks zone.
18:44 of 3rd period - Chris Kreider is hit by Brad Richards.
19:32 of 3rd period - Penalty to Nathan Horton is over, Nathan Horton is back on ice.
19:54 of 3rd period - Snap shot by Antoine Roussel.
19:54 of 3rd period - Shot Misses the Net.
19:56 of 3rd period - Slapshot by John Carlson.
19:56 of 3rd period - Stopped by Maxime Daigneault with a rebound.
19:58 of 3rd period - Snap shot by John Carlson.
19:58 of 3rd period - Shot Misses the Net.
Goals for this period are 1 for Blackhawks vs 2 for Devils.
Shots for this period are 5 for Blackhawks vs 11 for Devils.